 Dungeon Crawl Stone Soup version 0.30.0-29-ga12c61a403 (webtiles) character file.

Game seed: 594836887337434518

38 cdecastro the Slasher (level 3, 0/33 HPs)
             Began as an Armataur Berserker on June 23, 2023.
             Was a Believer of Trog.
             Slain by Natasha (5 damage)
             ... on level 2 of the Dungeon on June 24, 2023.
             The game lasted 00:02:20 (745 turns).

cdecastro the Slasher (Armataur Berserker)           Turns: 745, Time: 00:02:21

Health: 0/33       AC:  4    Str: 22    XL:     3   Next: 25%
Magic:  3/3        EV:  9    Int:  7    God:    Trog [**....]
Gold:   30         SH:  0    Dex: 11    Spells: 2/2 levels left

rFire   . . .        a - +0 falchion
rCold   + . .        (no shield)
rNeg    . . .        b - +0 animal skin
rPois   .            (no helmet)
rElec   .            (no cloak)
rCorr   .            (no gloves)
SInv    .            (no barding)
Will    .....        (no amulet)
Stlth   +            f - ring of protection from cold
HPRegen 0.25/turn    (no ring)
MPRegen 0.08/turn

%: roll
@: no status effects
A: large, rugged brown scales 3, deformed body, armoured tail, roll, long
tongue, awkward tongue
a: Renounce Religion, Berserk, Trog's Hand


You were on level 2 of the Dungeon.
You worshipped Trog.
Trog was pleased with you.
You visited 1 branch of the dungeon, and saw 2 of its levels.

You collected 30 gold pieces.

Inventory:

Hand Weapons
 a - a +0 falchion (weapon)
Armour
 b - a +0 animal skin (worn)
Jewellery
 f - a ring of protection from cold (left hand)
Scrolls
 d - 2 scrolls of identify {unknown}
Potions
 c - a potion of mutation {unknown}
 e - a potion of heal wounds {unknown}


   Skills:
 + Level 3.1 Fighting
 * Level 3.6 Long Blades
 - Level 2.4 Armour
 - Level 1.3 Dodging


You had 2 spell levels left.
You didn't know any spells.
Your spell library was empty.

Dungeon Overview and Level Annotations

Branches:
Dungeon (2/15)

Altars:

Annotations:
D:2 Natasha


Innate Abilities, Weirdness & Mutations

You are completely covered in rugged brown scales. (AC +3, +7% HP)
Armour fits poorly on your strangely shaped body.
You have a long armoured tail.
You roll when moving toward enemies. (Rampage)
Your long tongue fully drains potion bottles. (2x potion effects)
Your tongue gives you trouble enunciating. (1.5x scroll delay)


Message History

You climb upwards.
There is a stone staircase leading down here.
Unknown command.
The ball python bites you but does no damage.
The rat bites you but does no damage.
The ball python attacks as you move away!
The ball python bites you but does no damage.
You slash the ball python!
You kill the ball python!
Trog accepts your kill.
You can now call upon Trog for regeneration and willpower.
You hit the rat.
You kill the rat!
Trog accepts your kill.
You see here a rat corpse.
There is a stone staircase leading down here.
You start waiting.
You climb downwards.
Level annotation: Natasha A bat comes into view.
Natasha casts a spell at you. The magic dart hits you.
The bat moves out of view.
There is a stone staircase leading up, spattered with blood here.
Unknown command.
You roll towards Natasha!
Found a scroll labelled EMAL XOIXOJIF.
Natasha claws you.
You closely miss Natasha. Natasha claws you but does no damage.
You hit Natasha but do no damage. Natasha casts a spell at you.
The magic dart hits you.
You closely miss Natasha. Natasha claws you.
You hit Natasha but do no damage.
Natasha zaps a wand.
The puff of flame hits you.
* * * LOW HITPOINT WARNING * * *
You hit Natasha but do no damage.
Natasha zaps a wand.
The puff of flame hits you!
* * * LOW HITPOINT WARNING * * *
You closely miss Natasha. The bat completely misses you.
Natasha closely misses you. Natasha claws you.
You die...

#. ##. .
..####### .
#.......#
#.#.......#
#.#.......###.
#.............
#........#
#h@.<....#
..............#
.....b..#####.#
........# #
........#
#..#.#!.#
#.#.#.#.#
...#.#?##


You could see Natasha and a bat.

Vanquished Creatures
  An adder (D:1)
  A dart slug (D:1)
  2 ball pythons (D:1)
  3 endoplasms (D:1)
  2 giant cockroaches (D:1)
  4 goblins (D:1)
  2 jackals (D:1)
  A kobold (D:1)
  A quokka (D:1)
  3 bats (D:1)
  3 frilled lizards (D:1)
  A rat (D:1)
24 creatures vanquished.

Notes
Turn   | Place    | Note
-------+----------+-------------------------------------------
     0 | D:1      | cdecastro the Armataur Berserker began the quest for the
                  | Orb.
     0 | D:1      | Reached XP level 1. HP: 19/19 MP: 1/1
   170 | D:1      | Reached XP level 2. HP: 26/26 MP: 2/2
   577 | D:2      | Noticed Natasha
   654 | D:1      | Reached XP level 3. HP: 17/33 MP: 3/3
   733 | D:1      | Reached ** piety under Trog
   745 | D:2      | Slain by Natasha

Illustrated notes

Levels and vault maps discovered:
D:1:      dpeg_arrival_snail, layout_basic
D:2:      layout_basic, minmay_tiny_reverse_x, uniq_natasha

Skill      XL: |  1  2 |
---------------+-------+-----
Long Blades    | 3 |  3.6
Fighting       | 3 |  3.1
Armour         | |  2.4
Dodging        | |  1.3

Action                     || total
---------------------------++-------
  Melee: Falchion          ||    91
         Tailslap          ||     9
 Armour: Animal skin       ||    44
  Dodge: Dodged            ||    61
